 Dungeon Crawl Stone Soup version 0.28.0 (webtiles) character file.

Game seed: 7954594055852257350

68 Deca the Skirmisher (level 4, -7/41 HPs)
             Began as a Minotaur Abyssal Knight on Feb 13, 2022.
             Was a Follower of Lugonu.
             Mangled by Natasha (8 damage)
             ... on level 2 of the Dungeon.
             The game lasted 00:05:03 (2015 turns).

Deca the Skirmisher (Minotaur Abyssal Knight)       Turns: 2015, Time: 00:05:04

Health: -7/41      AC:  4    Str: 19    XL:     4   Next: 1%
Magic:  4/4        EV: 12    Int:  7    God:    Lugonu [*.....]
Gold:   47         SH:  0    Dex: 11    Spells: 3/3 levels left

rFire   . . .      SeeInvis .   a - +1 falchion
rCold   . . .      Faith    .   (no shield)
rNeg    . . .      Spirit   .   b - +0 leather armour
rPois   .          Reflect  .   (helmet restricted)
rElec   .          Harm     .   h - +0 cloak
rCorr   .          Rampage  .   (no gloves)
Will    .....                   (no boots)
Stlth   +.........              (no amulet)
HPRegen 0.13/turn               (no ring)
MPRegen 0.09/turn               (no ring)

@: slowed, very slow
A: horns 2, retaliatory headbutt
a: Renounce Religion, Depart the Abyss


You were on level 2 of the Dungeon.
You worshipped Lugonu.
Lugonu was aware of your devotion.
You visited 1 branch of the dungeon, and saw 2 of its levels.
You visited the Abyss 1 time.

You collected 47 gold pieces.

Inventory:

Hand Weapons
 a - a +1 falchion (weapon)
Armour
 b - a +0 leather armour (worn)
 h - a +0 cloak (worn)
Scrolls
 d - a scroll of vulnerability {unknown}
Potions
 c - a potion of invisibility {unknown}
 e - a potion of attraction {unknown}
 f - a potion of might {unknown}
 g - a potion of flight {unknown}


   Skills:
 + Level 4.3 Fighting
 + Level 3.3 Long Blades
 + Level 3.3 Armour
 + Level 2.2 Dodging
 - Level 1.7 Invocations


You had 3 spell levels left.
You didn't know any spells.
Your spell library was empty.

Dungeon Overview and Level Annotations

Branches:
Dungeon (2/15)

Altars:

Annotations:
D:2 Natasha


Innate Abilities, Weirdness & Mutations

You have a pair of horns on your head.
You reflexively headbutt those who attack you in melee.


Message History

Natasha is nearby!
Natasha is nearby!
Natasha hisses angrily.
Natasha casts a spell at you. The magic dart hits you!
Natasha stares at you and mumbles some strange words.
The magic dart hits you.
You see here a quokka corpse.
Natasha casts a spell.
You see here a quokka corpse.
Natasha claws you. The shadow imp closely misses you.
You are too injured to fight recklessly!
You are too injured to fight recklessly!
You are too injured to fight recklessly!
You are too injured to fight recklessly!
You are too injured to fight recklessly!
You slash the shadow imp!
The shadow imp is severely wounded.
Natasha claws you. The shadow imp gestures at you.
You barely resist.
You hit the shadow imp but do no damage.
You headbutt the shadow imp.
You kill the shadow imp!
The shadow imp disappears in a puff of smoke!
Natasha claws you.
* * * LOW HITPOINT WARNING * * *
You barely miss Natasha. Your headbutt misses Natasha.
Natasha mewls in sadness.
Natasha claws you!
* * * LOW HITPOINT WARNING * * *
You slash Natasha!
Natasha is heavily wounded.
Natasha casts a spell at you.
You feel yourself slow down. Natasha claws you.
* * * LOW HITPOINT WARNING * * *
You barely miss Natasha.
Natasha is heavily wounded.
Natasha claws you!
You die...

###.....#............#.#
.................###....#
####.....##..###.###....##
##...###.)# #.#.......#
##.## ##.###.#.......[..
#. #.............### #.
###...###...###
#.#######h..###...#
#.....††@......####
#...#####....##.# #.#.
#......... # #.
#..#.##.### #. #.##.# # #.
#..... #. ..##.## .. .##
#.


You could see Natasha.

Vanquished Creatures
  Natasha (D:2)
  A gnoll (D:1)
  A dart slug (D:1)
  2 bats (D:1)
  2 endoplasms
  3 giant cockroaches
  A goblin (D:1)
  6 hobgoblins
  3 kobolds
  4 quokkas
  2 ball pythons (D:1)
  2 frilled lizards
  A rat (D:1)
29 creatures vanquished.

Notes
Turn   | Place    | Note
-------+----------+-------------------------------------------
     0 | Abyss:1  | Deca the Minotaur Abyssal Knight began the quest for the
                  | Orb.
     0 | Abyss:1  | Reached XP level 1. HP: 19/19 MP: 1/1
   114 | Abyss:1  | Found a corrupted altar of Lugonu.
   143 | Abyss:1  | Noticed a raiju
   144 | Abyss:1  | Noticed a raiju
   146 | D:1      | Escaped the Abyss
   859 | D:1      | Reached XP level 2. HP: 27/27 MP: 2/2
   899 | D:1      | Reached * piety under Lugonu
   903 | D:1      | Reached skill level 4 in Fighting
  1113 | D:1      | Found Ympalest's Antique Weapon Boutique.
  1254 | D:1      | Reached XP level 3. HP: 32/33 MP: 3/3
  1896 | D:2      | Noticed Natasha
  1908 | D:2      | Killed Natasha
  1909 | D:2      | Reached XP level 4. HP: 23/41 MP: 4/4
  1993 | D:2      | Noticed Natasha
  2013 | D:2      | HP: 2/41 [Natasha (7)]
  2015 | D:2      | Mangled by Natasha

Illustrated notes

Levels and vault maps discovered:
D:1:      elethiomel_arrival_maze, layout_basic, serial_shops, shop,
          minivault_5, nicolae_grassy_gnolls
D:2:      layout_loops_ring, basic_altar, uniq_natasha

Skill      XL: |  1  2  3 |
---------------+----------+-----
Fighting       | 4 |  4.3
Long Blades    | 3 |  3.3
Armour         | 3 |  3.3
Dodging        | 2 |  2.2
Invocations    | |  1.7

Action                   |  1- 3 |  4- 6 || total
-------------------------+-------+-------++-------
Melee: Falchion          |    62 |     5 ||    67
       Headbutt          |     7 |     1 ||     8
Invok: Depart the Abyss  |     1 |       ||     1
Armor: Leather armour    |    14 |       ||    14
Dodge: Dodged            |    47 |     1 ||    48
